 Dungeon Crawl Stone Soup version 0.28.0-45-g0d030f2227 (webtiles) character file.

Game seed: 12056647725554000631

1705 Faeu the Covered (level 8, -4/73 HPs)
             Began as a Minotaur Fighter on Apr 4, 2022.
             Was a Follower of Wu Jian.
             Engulfed by a cloud of flame (26 damage)
             ... on level 9 of the Dungeon.
             The game lasted 00:21:32 (5580 turns).

Faeu the Covered (Minotaur Fighter)                 Turns: 5580, Time: 00:21:33

Health: -4/73      AC: 10    Str: 23    XL:     8   Next: 73%
Magic:  7/7        EV:  8    Int:  5    God:    Wu Jian [*.....]
Gold:   245        SH: 10    Dex: 10    Spells: 7/7 levels left

rFire   . . .      SeeInvis .   a - +0 war axe {axe}
rCold   . . .      Faith    .   c - +0 buckler
rNeg    . . .      Spirit   .   m - +0 chain mail
rPois   .          Reflect  +   (helmet restricted)
rElec   .          Harm     .   (no cloak)
rCorr   .          Rampage  .   (no gloves)
Will    .....                   (no boots)
Stlth   ..........              A - amulet of reflection
HPRegen 0.22/turn               (no ring)
MPRegen 0.10/turn               (no ring)

@: no status effects
A: horns 2, retaliatory headbutt
a: Renounce Religion


You were on level 9 of the Dungeon.
You worshipped Wu Jian.
Wu Jian was aware of your devotion.
You visited 2 branches of the dungeon, and saw 8 of its levels.

You collected 245 gold pieces.


Innate Abilities, Weirdness & Mutations

You have a pair of horns on your head.
You reflexively headbutt those who attack you in melee.


   Skills:
 + Level 7.6 Fighting
 + Level 7.1 Axes
 + Level 7.7 Armour
 + Level 7.6 Shields


You had 7 spell levels left.
You didn't know any spells.
Your spell library contained the following spells:

 Spells                   Type           Power      Damage    Failure   Level
 Blink                    Tloc           0%         N/A       99%         2
 Static Discharge         Conj/Air       0%         N/A       99%         2
 Sublimation of Blood     Necr           0%         N/A       99%         2
 Call Canine Familiar     Summ           0%         N/A       100%        3
 Frozen Ramparts          Ice            0%         1d2       100%        3
 Ignite Poison            Fire/Tmut/Pois 0%         N/A       100%        3
 Mephitic Cloud           Conj/Pois/Air  0%         N/A       100%        3
 Portal Projectile        Hex/Tloc       0%         N/A       100%        3
 Ice Form                 Ice/Tmut       0%         N/A       100%        4
 Leda's Liquefaction      Hex/Erth       0%         N/A       100%        4
 Petrify                  Tmut/Erth      0%         N/A       100%        4
 Summon Ice Beast         Ice/Summ       0%         N/A       100%        4
 Freezing Cloud           Conj/Ice/Air   0%         6-21      100%        5
 Irradiate                Conj/Tmut      0%         3d13      100%        5
 Lightning Bolt           Conj/Air       0%         1d11      100%        5
 Manifold Assault         Tloc           0%         N/A       100%        5
 Storm Form               Tmut/Air       0%         N/A       100%        7
 Maxwell's Capacitive Co  Air            0%         ∞         100%        8

Inventory:

Hand Weapons
 a - a +0 war axe (weapon) {axe}
 i - a +1 vampiric dagger {short}
   (You took it off a goblin on level 1 of the Dungeon)
 n - a +2 short sword of venom {short}
   (You found it on level 2 of the Dungeon)
 u - a +3 dagger of venom {short}
   (You took it off an orc wizard on level 4 of the Dungeon)
 F - a +0 flail {mace}
   (You took it off a gnoll on level 5 of the Dungeon)
 H - a +0 whip of venom {mace}
   (You took it off an orc on level 5 of the Dungeon)
Missiles
 G - 3 poisoned darts (quivered) {throwing}
Armour
 c - a +0 buckler (worn)
 m - a +0 chain mail (worn)
   (You took it off Terence on level 2 of the Dungeon)
 I - +0 steam dragon scales
   (You found it on level 6 of the Dungeon)
Jewellery
 q - a +6 ring of intelligence
   (You found it on level 2 of the Dungeon)
 z - a +6 ring of intelligence
   (You found it on level 4 of the Dungeon)
 A - an amulet of reflection (around neck)
   (You found it on level 4 of the Dungeon)
 K - an amulet of guardian spirit
   (You found it on level 6 of the Dungeon)
Wands
 f - a wand of polymorph (12)
   (You found it on level 6 of the Dungeon)
 p - a wand of flame (24)
   (You took it off Jessica on level 2 of the Dungeon)
 x - a wand of digging (5)
   (You found it on level 4 of the Dungeon)
Scrolls
 b - 2 scrolls of holy word {unknown}
 g - a scroll of vulnerability {unknown}
 h - 2 scrolls of immolation {!r!r}
 o - a scroll of fear {unknown}
 t - 2 scrolls of amnesia
 v - 5 scrolls of noise {!r}
 y - a scroll of blinking {unknown}
 D - 2 scrolls of enchant weapon {unknown}
 E - 2 scrolls of magic mapping {unknown}
 L - a scroll of fog {unknown}
Potions
 d - a potion of might
 e - 2 potions of haste {@q3}
 j - a potion of cancellation {unknown}
 k - 2 potions of ambrosia
 l - 3 potions of attraction {!q}
 r - a potion of flight {unknown}
 s - a potion of degeneration {unknown}
 w - a potion of brilliance {unknown}
 B - a potion of berserk rage {unknown}
 C - a potion of mutation {unknown}
 J - 3 potions of curing {unknown}

Dungeon Overview and Level Annotations

Branches:
Dungeon (6/15)             Temple (1/1) D:4

Altars:
Ashenzari
Dithmenos
Elyvilon
Fedhas
Makhleb
Nemelex Xobeh
Okawaru
Qazlal
Ru
Uskayaw
Wu Jian
Xom
Yredelemnul
The Shining One

Shops:
D:1 :   D:5 (

Annotations:
D:3 Ijyb
D:9 Pikel

#.... #.# ...
... # .[. ..
#...... §#§#§
§§§ #§# #@#
#5## ##.#5##
#.###.#
##.#.##
#.###########
#.##.. .....
#.##.# #..#
#.##.###..####


You could see 2 lemures.


Message History

A killer bee comes into view.
You throw a poisoned dart {throwing}.
The poisoned dart {throwing} hits the killer bee.
The killer bee is poisoned.
A killer bee comes into view.
You block the killer bee's attack.
You closely miss the killer bee.
The killer bee buzzes angrily.
You block the killer bee's attack. The killer bee barely misses you.
You slash the killer bee!
You kill the killer bee!
The Council accepts your kill.
The killer bee stings you but does no damage.
You miss the killer bee. The killer bee barely misses you.
You hit the killer bee. You headbutt the killer bee. The killer bee stings you.
The killer bee closely misses you. 😕 HP[-3]
You take 3 damage, and now have 70/73 hp.
You slash the killer bee!
You kill the killer bee!
The Council accepts your kill. The killer bee stings you.
You are poisoned.
The killer bee poisons you! 😕 HP[-5]
You take 5 damage, and now have 65/73 hp.
You slash the killer bee! Your headbutt misses the killer bee.
You feel sick. You block the killer bee's attack.
The killer bee barely misses you.
A lemure comes into view. 😕 HP[-2]
You take 2 damage, and now have 63/73 hp.
You slash the killer bee!
You kill the killer bee!
The Council accepts your kill.
You feel sick.
Pikel, Merchant of Souls comes into view.
He is wielding a +2 whip of flaming and carrying a wand of iceblast (2). 😕 HP[-1]
You take 1 damage, and now have 62/73 hp.
You feel sick.
A lemure comes into view.
You feel sick.
The lemure shouts!
You hear a shout!
The lemure moves out of view.
You hear a shout! 😕 HP[-1]
You take 1 damage, and now have 61/73 hp.
You feel sick. 😕 HP[-1]
You take 1 damage, and now have 60/73 hp.
You feel sick.
You are no longer poisoned. 😕 HP[-1]
You take 1 damage, and now have 59/73 hp. 😕 HP[+1] 😕 HP[+1] 2 necrophages come into view.
A killer bee zombie and a wight come into view.
The wight is wielding a +1 hand axe of freezing.
The wight moves out of view. 😕 HP[+1]
You throw a poisoned dart {throwing}.
The poisoned dart {throwing} hits the necrophage.
You throw a poisoned dart {throwing}.
The poisoned dart {throwing} hits the necrophage.
You slash the necrophage! You block the necrophage's attack.
You hit the necrophage. You hit the lemure. You block the necrophage's attack.
You block the lemure's attack. 😕 HP[+1]
As you read the scroll of immolation {!r!r}, it crumbles to dust.
The creatures around you are filled with an inner flame!
You block the necrophage's attack. The lemure hits you. 😕 HP[-4]
You take 4 damage, and now have 59/73 hp.
You slash the necrophage! The Council accepts your kill.
You hit the lemure but do no damage.
The necrophage explodes!
The fiery explosion engulfs the wight!
Flame seeps out of the wight.
The fiery explosion engulfs the necrophage!!
Flame seeps out of the necrophage.
The fiery explosion engulfs you!
The fiery explosion engulfs the killer bee zombie!!!
The Council accepts your kill.
The killer bee zombie explodes!
The fiery explosion engulfs the necrophage!!
The Council accepts your kill.
The necrophage explodes!
The fiery explosion engulfs the wight!!
The Council accepts your kill.
The wight explodes!
You are engulfed in blazing flames.
* * * LOW HITPOINT WARNING * * *
You hear a shout! x2; You hear an angry hiss.
The lemure hits you but does no damage.
Your Axes skill increases to level 7! 😨 HP[-37]
You take 37 damage, and now have 22/73 hp.
MASSIVE DAMAGE!! (PAUSE)
You slash the lemure!
Flame seeps out of the lemure.
You are engulfed in blazing flames.
You die...

Skill      XL: |  1  2  3  4  5  6  7  8 |
---------------+-------------------------+-----
Fighting       | 4 5 6 7 |  7.6
Armour         | 4 5 6 7 |  7.7
Shields        | 4 5 6 7 |  7.6
Axes           | 3 4 5 6 7 |  7.1

Action                   |  1- 3 |  4- 6 |  7- 9 || total
-------------------------+-------+-------+-------++-------
Melee: War axe           |    81 |   117 |   109 ||   307
       Headbutt          |     9 |    17 |    18 ||    44
Throw: Dart              |       |       |     8 ||     8
Invok: Lunge             |       |     4 |     4 ||     8
  Use: Scroll            |       |       |     7 ||     7
Armor: Scale mail        |    45 |     2 |       ||    47
       Chain mail        |       |    63 |    51 ||   114
Dodge: Dodged            |    51 |    31 |    30 ||   112
Block: Buckler           |    24 |    43 |    65 ||   132

Levels and vault maps discovered:
D:1:      evilmike_arrival_hilbert_curve, layout_loops_ring, serial_shops,
          nicolae_shop_competitors_out_of_business, serial_forest,
          infiniplex_forest_straight_4, infiniplex_forest_clump_long,
          infiniplex_forest_lined_corner, infiniplex_forest_clump_tiny,
          infiniplex_forest_lined_corner, infiniplex_forest_lined_1,
          shapermc_ecumenical_altar_mp_ritualfount, minmay_distorted
D:2:      layout_rooms, basic_altar, uniq_terence, uniq_jessica
D:3:      gammafunk_steamed_eel, layout_basic, uniq_robin, uniq_sigmund,
          uniq_ijyb, uniq_grinder
D:4:      layout_basic, temple_fountains
D:5:      layout_basic, serial_shops, nicolae_shop_advertising_works
          [nicolae_subvault_shop_adworks], glass_columns_c, uniq_prince_ribbit1
D:6:      layout_cave_pools, mainiacjoe_overflow_catwalk
D:9:      layout_loops_cross, serial_undead, serial_undead_a, serial_undead_f,
          serial_undead_b, serial_undead_a, serial_shops,
          nicolae_shop_overgrown_old_shop, uniq_harold, uniq_grum, uniq_pikel
Temple:   nicolae_temple_great_sept

Notes
Turn   | Place    | Note
-------+----------+-------------------------------------------
     0 | D:1      | Faeu the Minotaur Fighter began the quest for the Orb.
     0 | D:1      | Reached XP level 1. HP: 19/19 MP: 0/0
     0 | D:1      | magus.rc [v1.9.6]
   242 | D:1      | Reached XP level 2. HP: 21/27 MP: 1/1
   244 | D:1      | Found Ocaupola's Book Shop.
   305 | D:1      | Reached skill level 4 in Fighting
   305 | D:1      | Reached skill level 4 in Armour
   305 | D:1      | Reached skill level 4 in Shields
   408 | D:1      | Found a faded altar of an unknown god.
   418 | D:1      | Reached skill level 3 in Axes
   475 | D:1      | Reached XP level 3. HP: 32/33 MP: 2/2
  1102 | D:2      | Noticed Terence
  1110 | D:2      | Killed Terence
  1111 | D:2      | Reached XP level 4. HP: 32/41 MP: 3/3
  1218 | D:2      | Found a broken altar of Ashenzari.
  1228 | D:2      | You pick up a book of Alchemy and begin reading...
  1228 | D:2      | You add the spells Sublimation of Blood, Petrify and
                  | Irradiate to your library.
  1368 | D:2      | Noticed Jessica
  1471 | D:2      | Killed Jessica
  1625 | D:2      | You add the spells Ignite Poison, Mephitic Cloud and
                  | Freezing Cloud to your library.
  1646 | D:2      | You pick up a book of Rime and begin reading...
  1646 | D:2      | You add the spells Frozen Ramparts, Ice Form and Summon Ice
                  | Beast to your library.
  1894 | D:3      | Reached XP level 5. HP: 47/47 MP: 4/4
  1910 | D:3      | Noticed Ijyb
  2059 | D:4      | Found a staircase to the Ecumenical Temple.
  2081 | D:4      | Reached skill level 4 in Axes
  2100 | Temple   | Entered the Ecumenical Temple
  2151 | Temple   | Became a worshipper of the Wu Jian Council
  2186 | D:4      | Reached skill level 5 in Fighting
  2186 | D:4      | Reached skill level 5 in Armour
  2309 | D:4      | Reached skill level 5 in Shields
  2309 | D:4      | Reached XP level 6. HP: 54/56 MP: 5/5
  2565 | D:4      | You pick up a book of the Hunter and begin reading...
  2565 | D:4      | You add the spells Call Canine Familiar, Portal Projectile
                  | and Leda's Liquefaction to your library.
  2696 | D:4      | You add the spells Blink, Manifold Assault and Storm Form
                  | to your library.
  2927 | D:4      | You pick up a book of Lightning and begin reading...
  2927 | D:4      | You add the spells Static Discharge, Lightning Bolt and
                  | Maxwell's Capacitive Coupling to your library.
  3312 | D:5      | Entered Level 5 of the Dungeon
  3418 | D:5      | Found Zohexol's Antique Weapon Shoppe.
  3581 | D:5      | Noticed Prince Ribbit
  3645 | D:5      | HP: 11/56 [gnoll/+0 flail (5)]
  3648 | D:5      | Killed Prince Ribbit
  3649 | D:5      | Reached skill level 5 in Axes
  3649 | D:5      | Reached XP level 7. HP: 8/62 MP: 6/6
  3995 | D:5      | Reached skill level 6 in Armour
  4013 | D:5      | Reached * piety under Wu Jian
  4014 | D:5      | Reached skill level 6 in Fighting
  4014 | D:5      | Reached skill level 6 in Shields
  4635 | D:6      | Reached skill level 6 in Axes
  4635 | D:6      | Reached XP level 8. HP: 67/71 MP: 7/7
  4880 | D:6      | HP: 15/71 [acid (4)]
  4883 | D:6      | Reached skill level 7 in Armour
  5185 | D:6      | Reached skill level 7 in Fighting
  5185 | D:6      | Reached skill level 7 in Shields
  5412 | D:6      | Found a glowing golden altar of the Shining One.
  5535 | D:6      | You fall into a shaft and drop 3 floors!
  5559 | D:9      | Noticed Pikel
  5580 | D:9      | Reached skill level 7 in Axes
  5580 | D:9      | Engulfed by a cloud of flame

Vanquished Creatures
  Prince Ribbit (D:5)
  A steam dragon (D:6)
  2 ice beasts (D:5)
  2 necrophages (D:9)
  A scorpion (D:5)
  A water moccasin zombie (D:5)
  A wyvern skeleton (D:5)
  3 killer bees (D:9)
  A wight (D:9)
  A howler monkey (D:6)
  A bullfrog skeleton (D:6)
  2 centaur zombies
  3 hounds
  3 jellies
  2 orc priests
  Jessica (D:2)
  Terence (D:2)
  3 orc wizards (D:4)
  A killer bee zombie (D:9)
  A hound skeleton (D:4)
  5 gnolls
  4 adders
  An ufetubus (D:6)
  A worm (D:5)
  A dart slug (D:2)
  12 orcs
  5 ball pythons
  9 endoplasms
  2 giant cockroaches
  7 hobgoblins
  4 jackals (D:1)
  2 quokkas
  5 bats
  5 frilled lizards
  3 goblins
  7 kobolds
  A quokka skeleton (D:4)
  5 rats
111 creatures vanquished.

Vanquished Creatures (others)
  A hound (D:6)
  A fungus (D:1)
  11 plants (D:1)
  A withered plant (D:9)
14 creatures vanquished.

Grand Total: 125 creatures vanquished

Table legend:
 A = Non-vault XP
 B = Vault XP
 C = Vault XP percentage of total XP
 D = Non-vault monster count
 E = Vault monster count
 F = Vault count percentage of total count
                 A         B        C        D         E       F
            +---------+---------+-------+---------+---------+-------
      Total |    1768 |     669 |  27.5 |     103 |       8 |   7.2
            +---------+---------+-------+---------+---------+-------
        D:1 |      60 |       1 |   1.6 |      29 |       1 |   3.3
        D:2 |      57 |      73 |  56.2 |      20 |       2 |   9.1
        D:3 |       8 |       0 |   0.0 |       5 |       0 |   0.0
        D:4 |     240 |       0 |   0.0 |      19 |       0 |   0.0
        D:5 |     661 |     264 |  28.5 |      13 |       1 |   7.1
        D:6 |     506 |       0 |   0.0 |      13 |       0 |   0.0
        D:9 |     236 |     331 |  58.4 |       4 |       4 |  50.0
            +---------+---------+-------+---------+---------+-------

Illustrated notes

Table legend:
 A = Kills in this place as a percentage of kills in entire the game.
 B = Kills by you in this place as a percentage of kills by you in the entire game.
 C = Kills by friends in this place as a percentage of kills by friends in the entire game.
 D = Other kills in this place as a percentage of other kills in the entire game.
 E = Experience gained in this place as a percentage of experience gained in the entire game.
 F = Experience gained in this place divided by the number of levels of this place that you have seen.
                   A       B       C       D       E      F
               +-------+-------+-------+-------+-------+----------------------
         Total | 100.0 | 100.0 |   N/A |   N/A | 100.0 | 304.6
       Dungeon | 100.0 | 100.0 |   N/A |   N/A | 100.0 | 348.1
               +-------+-------+-------+-------+-------+----------------------

Table legend: (Time is in decaauts)
 A = Elapsed time spent in this place.
 B = Non-inter-level travel time spent in this place.
 C = Inter-level travel time spent in this place.
 D = Time resting spent in this place.
 E = Time spent auto-exploring this place.
 F = Levels seen in this place.
 G = Mean time per level.
                   A        B        C        D        E       F      G
               +--------+--------+--------+--------+--------+-----+--------+
         Total |   5679 |   5533 |    146 |   1214 |   2289 |   8 |  709.9 |
       Dungeon |   5618 |   5472 |    146 |   1214 |   2289 |   7 |  802.6 |
        Temple |     61 |     61 |      0 |      0 |      0 |   1 |   61.0 |
               +--------+--------+--------+--------+--------+-----+--------+

Top non-repeatable levels by time:
     D:5: 1659 daAuts
     D:4: 1339 daAuts
     D:1: 1091 daAuts
     D:2: 691 daAuts
     D:6: 597 daAuts
     D:3: 190 daAuts
  Temple: 61 daAuts
     D:9: 47 daAuts
